 Dungeon Sprint DCSS version 0.27-a0-1139-g28e009f8a6 (webtiles) character file.

Game seed: 12650201349764491703

243 Zeld the Arsonist (level 6, -4/42 HPs)
             Began as an Octopode Fire Elementalist on May 8, 2021.
             Was a Follower of Sif Muna.
             Killed from afar by a deep elf zephyrmancer (26 damage)
             ... with a bolt of lightning
             ... in the Dungeon (Sprint V: "Ziggurat Sprint").
             The game lasted 00:02:32 (197 turns).

Zeld the Arsonist (Octopode Fire Elementalist)       Turns: 197, Time: 00:02:34

Health: -4/42      AC:  1    Str:  7    XL:     6   Next: 9%
Magic:  8/13       EV: 18    Int: 31    God:    Sif Muna [*.....]
Gold:   0          SH:  0    Dex: 13    Spells: 2/15 levels left

rFire    . . .     SeeInvis .   (no weapon)
rCold    . . .     Faith    .   (no shield)
rNeg     . . .     Spirit   .   (helmet restricted)
rPois    .         Reflect  .   (no amulet)
rElec    .         Harm     .   v - +6 ring of intelligence
rCorr    .         Rampage  .   u - +6 ring of intelligence
Will     .....     NoTele   +   p - +4 ring of evasion
Stlth    +++.......             (no ring)
HPRegen  0.14/turn              (no ring)
MPRegen  0.13/turn              (no ring)
                                (no ring)
                                (no ring)

@: very slightly contaminated
A: almost no armour, amphibious, 8 rings, camouflage 1, gelatinous body 1,
(nimble swimmer 1), tentacles
a: Renounce Religion, Channel Magic


You were in the Dungeon.
You worshipped Sif Muna.
Sif Muna was aware of your devotion.
You visited 1 branch

Inventory:

Armour
 a - a +3 tower shield
Jewellery
 p - a +4 ring of evasion (on tentacle)
 u - a +6 ring of intelligence (right tentacle)
 v - a +6 ring of intelligence (left tentacle)
Wands
 r - a wand of mindburst (7)
 s - a wand of iceblast (4)
 t - a wand of acid (6)
Scrolls
 g - a scroll of blinking
 h - 4 scrolls of amnesia
 i - 7 scrolls of fog
 j - a scroll of holy word
 k - 5 scrolls of identify
 l - a scroll of fear
Potions
 b - 10 potions of curing
 c - 10 potions of heal wounds
 d - 6 potions of haste
 e - 7 potions of magic
 f - 3 potions of berserk rage
 m - 2 potions of brilliance
 n - 2 potions of invisibility
 o - 4 potions of resistance
 q - 5 potions of might
Miscellaneous
 w - a lightning rod (4/4)


   Skills:
 + Level 3.3 Fighting
 + Level 4.1 Dodging
 - Level 2.6 Stealth
 + Level 5.1 Spellcasting
 + Level 5.1 Conjurations
 * Level 8.0 Fire Magic
 * Level 5.6 Invocations


You had 2 spell levels left.
You knew the following spells:

 Your Spells              Type           Power      Damage    Failure   Level
a - Foxfire               Conj/Fire      100%       2x1d9     1%          1
b - Conjure Flame         Conj/Fire      48%        6-21      1%          3
c - Sticky Flame          Conj/Fire      48%        2d7       3%          4
d - Fireball              Conj/Fire      24%        3d11      10%         5

Your spell library contained the following spells:

 Spells                   Type           Power      Damage    Failure   Level
 Apportation              Tloc           14%        N/A       5%          1
 Freeze                   Ice            28%        1d5       5%          1
 Blink                    Tloc           N/A        N/A       9%          2
 Corpse Rot               Necr/Air       N/A        N/A       9%          2
 Inner Flame              Hex/Fire       32%        N/A       3%          3
 Hailstorm                Conj/Ice       23%        3d7       19%         4
 Airstrike                Air            3%         N/A       47%         4
 Ice Form                 Ice/Tmut       7%         N/A       47%         4
 Freezing Cloud           Conj/Ice/Air   9%         6-21      99%         6
 Dispersal                Tloc           3%         N/A       100%        6


Dungeon Overview and Level Annotations

Branches:
Dungeon (1/1)

Altars:
Ashenzari
Cheibriados
Dithmenos
Elyvilon
Fedhas
Gozag
Hepliaklqana
Kikubaaqudgha
Makhleb
Nemelex Xobeh
Okawaru
Qazlal
Ru
Sif Muna
Trog
Uskayaw
Vehumet
Wu Jian
Xom
Yredelemnul
Zin
The Shining One
Beogh
Jiyva
Lugonu

Annotations:
D 1 transporter


Innate Abilities, Weirdness & Mutations

You cannot wear most types of armour.
You are amphibious.
You can wear up to eight rings at the same time.
Your skin changes colour to match your surroundings (Stealth+).
Your rubbery body absorbs attacks. (AC +1, EV +1)
((You are camouflaged near water. (Stealth+)))
You have tentacles for arms and can constrict up to eight enemies at once.


Message History

Memorise Fireball, consuming 5 spell levels and leaving 2?
You start memorising the spell.
You continue memorising. x5
You finish memorising.
Spell assigned to 'd'.
You start resting.
Magic restored.
You start resting.
You pick up the Incunabulum of Quantum Cold and begin reading...
You add the spells Freeze, Apportation, Hailstorm, Ice Form and Dispersal to your library.
p - a +4 ring of evasion
Okay, then.
You pick up the Disquisition on the Birds and Orientation and begin reading...
You add the spells Corpse Rot, Blink, Airstrike and Freezing Cloud to your library.
p - a +4 ring of evasion (on tentacle)
Okay, then.
Unknown command.
There is a transporter here.
Welcome to arena 3.
You enter the transporter and appear at another place.
A dancing weapon, a fire elemental, a deep elf pyromancer and a deep elf zephyrmancer come into view.
There is a +1 trident of venom.
The deep elf zephyrmancer shouts!
The deep elf zephyrmancer mumbles some strange words.
The deep elf zephyrmancer blinks!
The deep elf pyromancer shouts!
Found four items.
Found a transporter.
Aiming: Iceblast
Press: ? - help, Shift-Dir - straight line
Okay, then.
Casting: Foxfire (safe; 1% risk of failure)
Confirm with . or Enter, or press ? or * to list all spells.
The spell is quite dangerous to cast (10% risk of failure)!
Continue anyway?
Aiming: Fireball (quite dangerous; 10% risk of failure)
Press: ? - help, Shift-Dir - straight line You miscast Fireball.
You are very lightly contaminated with residual magic.
Nothing appears to happen.
The deep elf zephyrmancer casts a spell at you.
The bolt of lightning hits you!!
Ouch! That really hurt!
You die...

▓▓▓▓▓▓▓▓▓▓▓▓▓▓▓▓▓▓▓
▓.8©8.▓.8©8.▓.8©8.▓
▓.[○°.▓.....▓.....▓
▓.eE..▓.....▓.}(=.▓
▓.....▓.....▓.....▓
▓..(..▓.....▓.....▓
▓.....▓.....▓..©..▓
▓..@e.▓..©..▓▓▓▓▓▓▓
▓▓▓▓▓▓▓▓▓▓▓▓▓


You could see a deep elf pyromancer, a deep elf zephyrmancer, a fire elemental
and a +1 trident of venom.

Vanquished Creatures
  A golden eye (shapeshifter) (D)
  A hell hound (D)
  A white imp (D)
  A ball python skeleton (D)
4 creatures vanquished.

Vanquished Creatures (others)
  2 foxfires (D)
2 creatures vanquished.

Grand Total: 6 creatures vanquished

Notes
Turn   | Place    | Note
-------+----------+-------------------------------------------
     0 | D        | Zeld the Octopode Fire Elementalist began the quest for the
                  | Orb.
     0 | D        | Reached XP level 1. HP: 11/11 MP: 3/3
     2 | D        | Found a blossoming altar of Fedhas.
     3 | D        | Found the +6 Majin-Bo {vamp, MP+6 Int+6}
     3 | D        | Found the +9 heavy crossbow "Sniper" {vorpal, Acc+∞ SInv}
     3 | D        | Found the +10 dark maul {vorpal}
     3 | D        | Found the +15 Maxwell's patent armour {-Cast -Tele rElec
                  | Will+ rCorr}
     3 | D        | Found the +18 shield of the Gong {rElec rN+ Will+ EV-5}
     3 | D        | Found the +14 obsidian axe {vorpal, Drain Fly SInv}
     3 | D        | Found the +7 great mace "Firestarter" {inner flame, rF++}
     3 | D        | Found the +6 shillelagh "Devastator" {shatter}
     3 | D        | Found the +11 plutonium sword {Contam Stlth-}
     3 | D        | Found the +8 lance "Wyrmbane" {slay drac, rPois rF+ rC+
                  | AC+3}
     3 | D        | Found the +9 sword of Zonguldrok {reap}
     3 | D        | Found the +13 scythe of Curses {drain, Drain}
     3 | D        | Found the +5 sword of Power {vorpal}
     3 | D        | Found the +7 mace of Variability {chain chaos}
     3 | D        | Found the +7 Singing Sword {vorpal, sonic wave}
     3 | D        | Found the +8 storm bow {elec, penet}
     4 | D        | Found a viscous altar of Jiyva.
     4 | D        | Found a hazy altar of Hepliaklqana.
     4 | D        | Found a transporter.
     4 | D        | Found an opulent altar of Gozag.
     4 | D        | Found an ancient bone altar of Kikubaaqudgha.
     4 | D        | Found a corrupted altar of Lugonu.
    14 | D        | Found a burning altar of Makhleb.
    15 | D        | Found a sacrificial altar of Ru.
    15 | D        | Found a shimmering blue altar of Sif Muna.
    15 | D        | Found a stormy altar of Qazlal.
    15 | D        | Found a bloodstained altar of Trog.
    15 | D        | Found an iron altar of Okawaru.
    15 | D        | Found a sparkling altar of Nemelex Xobeh.
    35 | D        | Reached skill level 6 in Fire Magic
    35 | D        | Reached XP level 2. HP: 17/17 MP: 2/6
    47 | D        | Became a worshipper of Sif Muna the Loreminder
    84 | D        | Entered arena 2.
    84 | D        | Noticed a +0 vampiric glaive
    84 | D        | Noticed a golden eye
    84 | D        | Found a transporter.
    85 | D        | Killed a golden eye
    86 | D        | Reached skill level 7 in Fire Magic
    86 | D        | Reached XP level 3. HP: 25/25 MP: 7/9
    86 | D        | Reached XP level 4. HP: 30/30 MP: 7/10
    86 | D        | Reached XP level 5. HP: 35/35 MP: 8/12
    91 | D        | Entered arena 3.
    91 | D        | Noticed a hell hound
    91 | D        | Found a transporter.
    93 | D        | Reached * piety under Sif Muna
    93 | D        | Killed a hell hound
    94 | D        | Reached skill level 5 in Spellcasting
    94 | D        | Reached skill level 5 in Conjurations
    94 | D        | Reached skill level 8 in Fire Magic
    94 | D        | Reached skill level 5 in Invocations
    94 | D        | Reached XP level 6. HP: 8/42 MP: 9/13
    98 | D        | Learned a level 3 spell: Conjure Flame
   103 | D        | Learned a level 4 spell: Sticky Flame
   109 | D        | Learned a level 5 spell: Fireball
   187 | D        | Got the Incunabulum of Quantum Cold
   192 | D        | Got the Disquisition on the Birds and Orientation
   196 | D        | Entered arena 4.
   196 | D        | Noticed a deep elf zephyrmancer
   196 | D        | Noticed a +1 trident of venom
   196 | D        | Noticed a fire elemental
   196 | D        | Noticed a deep elf pyromancer
   196 | D        | Found a transporter.
   197 | D        | Killed from afar by a deep elf zephyrmancer

Illustrated notes

Levels and vault maps discovered:
D:        sprint_v [room_start, room_1, room_2, room_3, room_4, room_5, room_6,
          room_7, room_8, room_9, room_10, room_11, room_12, room_13, room_14,
          room_15, room_16, room_17, room_18, room_19, room_20, room_21,
          room_22, room_23, room_24, room_25, room_26, room_27]

Skill      XL: |  1  2  3  4  5 |
---------------+----------------+-----
Spellcasting   | 3 4 5 |  5.1
Conjurations   | 3 4 5 |  5.1
Fire Magic     | 6 7 8 |  8.0
Fighting       | 2 3 |  3.3
Dodging        | 3 4 |  4.1
Invocations    | 4 5 |  5.6
Stealth        | |  2.6

Action                   |  1- 3 |  4- 6 || total
-------------------------+-------+-------++-------
 Cast: Foxfire           |     1 |       ||     1
Evoke: Wand              |     1 |     3 ||     4
  Use: Potion            |     1 |       ||     1
       Scroll            |       |     4 ||     4
Dodge: Dodged            |       |     2 ||     2

Table legend: (Time is in decaauts)
 A = Elapsed time spent in this place.
 B = Non-inter-level travel time spent in this place.
 C = Inter-level travel time spent in this place.
 D = Time resting spent in this place.
 E = Time spent auto-exploring this place.
 F = Levels seen in this place.
 G = Mean time per level.
                   A        B        C        D        E       F      G
               +--------+--------+--------+--------+--------+-----+--------+
         Total |    195 |    195 |      0 |     74 |     37 |   1 |  195.0 |
       Dungeon |    195 |    195 |      0 |     74 |     37 |   1 |  195.0 |
               +--------+--------+--------+--------+--------+-----+--------+

Top non-repeatable levels by time:
       D: 195 daAuts
